 Dungeon Crawl Stone Soup version 0.20-a0-899-g09a9bfb (webtiles) character file.

88 HEYYEYAAE the Slasher (level 4, -5/34 HPs)
             Began as a Human Skald on Mar 18, 2017.
             Slain by a worker ant (7 damage)
             ... on level 3 of the Dungeon.
             The game lasted 00:02:19 (2448 turns).

HEYYEYAAE the Slasher (Human Skald)                 Turns: 2448, Time: 00:02:21

Health: -5/34      AC:  3    Str: 12      XL:     4   Next: 82%
Magic:  7/7        EV: 12    Int: 17 (18) God:
Gold:   75         SH:  0    Dex: 13      Spells: 6/7 levels left

rFire    . . .     SeeInvis .   a - +0 falchion
rCold    . . .     Gourm    .   b - +0 leather armour
rNeg     . . .     Faith    .   (no shield)
rPois    .         Spirit   .   (no helmet)
rElec    .         Reflect  .   (no cloak)
rCorr    .         Harm     .   (no gloves)
MR       .....     Clarity  +   (no boots)
Stlth    +.........             (no amulet)
Regen    0.2/turn               (no ring)
MPRegen  0.1/turn               (no ring)

@: brilliant, flying, very slightly contaminated, hasted, very quick
A: clarity, deterioration 1
a: no special abilities


You were on level 3 of the Dungeon.
You were near starving.

You visited 1 branch of the dungeon, and saw 3 of its levels.

You collected 75 gold pieces.

Inventory:

Hand Weapons
 a - a +0 falchion (weapon)
 o - a +0 short sword of draining
Armour
 b - a +0 leather armour (worn)
Scrolls
 e - 3 scrolls of teleportation {unknown}
 g - 5 scrolls of identify {unknown}
 j - 6 scrolls of enchant armour {unknown}
 k - 2 scrolls of remove curse {unknown}
Potions
 i - a potion of magic
 m - a potion of brilliance
Books
 c - a book of Battle

   Spells                             Type                      Level
   a - Infusion                       Charms                       1
   b - Shroud of Golubria             Charms/Translocation         2
   c - Song of Slaying                Charms                       2
   d - Spectral Weapon                Hexes/Charms                 3
   e - Regeneration                   Charms/Necromancy            3
Comestibles
 d - 3 bread rations
 p - a royal jelly
 q - a meat ration
 r - 4 fruits


   Skills:
 + Level 2.6 Fighting
 * Level 3.3 Long Blades
 + Level 2.0 Armour
 + Level 2.6 Dodging
 - Level 2.0 Spellcasting
 - Level 3.0 Charms


You had 6 spell levels left.
You knew the following spells:

 Your Spells              Type           Power        Failure   Level  Hunger
a - Infusion              Chrm           ###.         1%          1    #......


Dungeon Overview and Level Annotations

Branches:
Dungeon (3/15)

Altars:
Gozag
Makhleb
Nemelex Xobeh
Sif Muna


Innate Abilities, Weirdness & Mutations

You possess an exceptional clarity of mind.
Your body sometimes deteriorates upon taking damage.


Message History

You riposte.
You hit the worker ant.
The worker ant is heavily wounded.
Unknown command.
You hit the worker ant.
The worker ant is heavily wounded.
The worker ant bites you.
* * * LOW HITPOINT WARNING * * *
Unknown command.
There is an open door here.
It was a potion of flight.
You feel very buoyant.
You fly up into the air.
Unknown command.
You aren't carrying any items that you can evoke.
Unknown command.
The worker ant waves its antennae.
You barely miss the worker ant.
The worker ant is heavily wounded.
The worker ant bites you!
You die...

### ###.# ###
########.._## ..#
##...##.'.a@8#
#.####..#....#.._##..
#.##...##.######.##.#
รท....####.# ###..
..........#### ..#
##.###.......# #.#
##.# ##)..##.##..# #
...# ###.##.#..###.#
...# #...........##


You could see a worker ant.

Vanquished Creatures
  An orc wizard (D:3)
  An adder (D:2)
  A worm (D:2)
  2 leopard geckos
  2 orcs (D:3)
  A ball python (D:2)
  3 giant cockroaches (D:3)
  2 goblins
  5 hobgoblins
  4 jackals (D:3)
  A quokka (D:2)
  4 bats
  3 frilled lizards
  11 kobolds
  6 rats
  A bush (D:1)
48 creatures vanquished.

Notes
Turn   | Place    | Note
-------+----------+-------------------------------------------
     0 | D:1      | HEYYEYAAE the Human Skald began the quest for the Orb.
     0 | D:1      | Reached XP level 1. HP: 16/16 MP: 3/3
   241 | D:1      | Reached XP level 2. HP: 16/22 MP: 5/5
  1172 | D:2      | Reached XP level 3. HP: 18/27 MP: 6/6
  1673 | D:2      | Found a burning altar of Makhleb.
  1692 | D:2      | Found a sparkling altar of Nemelex Xobeh.
  1766 | D:3      | Reached XP level 4. HP: 12/33 MP: 7/7
  1813 | D:3      | Found an opulent altar of Gozag.
  1813 | D:3      | Found a deep blue altar of Sif Muna.
  2438 | D:3      | Gained mutation: Your body sometimes deteriorates upon taking damage. [potion of mutation]
  2438 | D:3      | Gained mutation: You possess an exceptional clarity of mind. [potion of mutation]
  2439 | D:3      | HP: 1/34 [poisoned by a worker ant]
  2448 | D:3      | Slain by a worker ant

Vault maps used:
D:1:      saegor_arrival_under_anarchy, minmay_misc_feat_diagonals,
          lexackson_kobold_supper
D:2:      minitemple, first_bread
D:3:      gammafunk_temple_overflow_statue, overflow_temple_1_default,
          minmay_item_behind_shaft, roderic_roman_lattice

Skill      XL: |  1  2  3  4 |
---------------+-------------+-----
Long Blades    | 3 |  3.3
Armour         | 2 |  2.0
Fighting       | |  2.6
Dodging        | |  2.6
Spellcasting   | |  2.0
Charms         | |  3.0

Action                   |  1- 3 |  4- 6 || total
-------------------------+-------+-------++-------
Melee: Falchion          |   255 |    50 ||   305
  Use: Potion            |       |     6 ||     6
  Eat: Chunk             |     3 |     1 ||     4
Armor: Leather armour    |    32 |    16 ||    48
Dodge: Dodged            |    89 |    39 ||   128
       Rpst.: Falchion   |    32 |    16 ||    48
